 Dungeon Crawl Stone Soup version 0.31-a0-978-g1e143483b6 (webtiles) character file.

Game seed: 10096963875889709276

84 ytrimaz the Sneak (level 4, 0/28 HPs)
             Began as an Octopode Shapeshifter on Oct 30, 2023.
             Slain by an orc wizard
             ... wielding a +0 dagger
              (3 damage)
             ... on level 3 of the Dungeon.
             The game lasted 00:02:21 (2038 turns).

ytrimaz the Sneak (Octopode Shapeshifter)           Turns: 2038, Time: 00:02:21

Health: 0/28       AC:  1    Str: 13    XL:     4   Next: 45%
Magic:  4/4        EV: 13    Int: 12    God:
Gold:   214        SH:  0    Dex: 13    Spells: 3/3 levels left

rFire   . .          .
                       - Unarmed
rCold   . . .        (no shield)
rNeg    . . .        (helmet currently unavailable)
rPois   .            (no amulet)
rElec   .            (no ring)
rCorr   .            (no ring)
SInv    .            (no ring)
Will    .....        (no ring)
Stlth   ++++         (no ring)
HPRegen 0.24/turn    (no ring)
MPRegen 0.09/turn    (no ring)
                     (no ring)

%: no passive effects
@: beast-form, hasted, very quick
A: beast (slay +1), almost no armour, amphibious, 8 rings, camouflage 1,
gelatinous body 1, (nimble swimmer 1), tentacles
a: Begin Untransformation


You were on level 3 of the Dungeon.
You were a hulking beast.
You visited 1 branch of the dungeon, and saw 3 of its levels.

You collected 214 gold pieces.


Innate Abilities, Weirdness & Mutations

You are a hulking beast.
Your limbs bulge with bestial killing power. (Slay +1)
You cannot wear most types of armour.
You are amphibious.
You can wear up to eight rings at the same time.
Your skin changes colour to match your surroundings (Stealth+).
Your rubbery body absorbs attacks. (AC +1, EV +1)
((You are camouflaged when in or above water. (Stealth+)))
You have tentacles for arms and can constrict up to eight enemies at once.


   Skills:
 - Level 1.0 Fighting
 - Level 2.0 Dodging
 + Level 5.8 Stealth
 - Level 3.0 Unarmed Combat
 - Level 3.0 Shapeshifting


You had 3 spell levels left.
You didn't know any spells.
Your spell library contained the following spells:

 Spells                   Type           Power      Damage    Failure   Level
 Sandblast                Erth           0%         2d4       32%         1
 Passwall                 Tmut/Erth      0%         N/A       45%         2
 Sublimation of Blood     Necr           0%         N/A       45%         2
 Wereblood                Tmut           0%         N/A       45%         2
 Stone Arrow              Conj/Erth      0%         3d7       69%         3
 Brom's Barrelling Bould  Conj/Erth      0%         2d3       97%         4
 Summon Hydra             Summ           0%         N/A       100%        7

Inventory:

Missiles
 e - a throwing net
Talismans
 b - a beast talisman
 c - a flux talisman
 k - a blade talisman
   (You found it on level 2 of the Dungeon)
Scrolls
 f - a scroll of teleportation
 g - a scroll of revelation {unknown}
 h - 4 scrolls of immolation
 i - 2 scrolls of enchant weapon
Potions
 a - a potion of lignification
 j - a potion of mutation {unknown}
 m - 2 potions of might {unknown}

Dungeon Overview and Level Annotations

Branches:
Dungeon (3/15) Zot: 15967

Altars:

Shops:
D:1

[ .. #. ##.## #..##
#. #. ##...###.#..
#.###>####..#..##....
#####...
..#...###......#
.......#
#.#.#..#..##.#.#
.....#
#...##...###.#.#
#..###...#...## #.#.#
#r....#.#.######.#.#
#.#h###..........#.#
#r#.# #..........#.#
#o#.# #.#.###...โ€
รท.. #o#.#
#.#.###.#..### #o#.#
#.#.....#..### #.#.#
#.#######..... #.#.#
#.# #.#### ..#.# #.
#.#... #.# #.#.##


You could see a rat.


Message History

You take 4 damage, and now have 24/28 hp.
There are monsters nearby!
You closely miss the orc. You grab the orc.
You constrict the orc, but do no damage.
The orc misses you.
The orc wizard mumbles some strange words.
The orc wizard flickers and vanishes!
Deactivating autopickup; reactivate with Ctrl-A.
Unknown command.
You tentacle-slap the orc but do no damage.
You squeeze the orc.
You kill the orc! ๐Ÿ˜• HP[+1]
You closely miss something.
You hear some strange, mumbled words.
A puff of flame appears from out of thin air!
The puff of flame hits you!
Unknown command. ๐Ÿ˜ฎ HP[-8]
You take 8 damage, and now have 17/28 hp.
MASSIVE DAMAGE!! (PAUSE)
You closely miss something. Your squeeze misses something.
You hear some strange, mumbled words.
You are confused.
You bump into the rock wall.
Something hits you. ๐Ÿ˜ฎ HP[-1]
You take 1 damage, and now have 16/28 hp.
Unknown command.
Okay, then.
Unknown command.
Unknown command.
You miss something. Something hits you.
* * * LOW HITPOINT WARNING * * *
๐Ÿ˜จ HP[-2]
You take 2 damage, and now have 14/28 hp.
Unknown command.
It was a potion of curing.
You feel better. Something hits you. ๐Ÿ˜ฎ HP[+3]
You regained 3 hp, and now have 17/28 hp.
You completely miss something. Your squeeze misses something.
Something hits you.
* * * LOW HITPOINT WARNING * * *
๐Ÿ˜จ HP[-4]
You take 4 damage, and now have 13/28 hp.
You closely miss something. Your squeeze misses something. Something hits you.
* * * LOW HITPOINT WARNING * * *
๐Ÿ˜จ HP[-1]
You take 1 damage, and now have 12/28 hp.
Unknown command.
You miss something. Something hits you.
* * * LOW HITPOINT WARNING * * *
๐Ÿ˜จ HP[-1]
You take 1 damage, and now have 11/28 hp.
Unknown command.
You barely miss something. ๐Ÿ˜จ HP[+1]
You closely miss something. Your squeeze misses something.
You hear some strange, mumbled words.
You are confused.
A magic dart appears from out of thin air!
The magic dart hits you.
* * * LOW HITPOINT WARNING * * *
๐Ÿ˜จ HP[-3]
You take 3 damage, and now have 9/28 hp.
Unknown command.
You bump into the rock wall.
Unknown command.
You feel better. Something hits you. ๐Ÿ˜ฎ HP[+8]
You regained 8 hp, and now have 17/28 hp.
You completely miss something. You squeeze something.
You hear some strange, mumbled words.
A magic dart appears from out of thin air!
The magic dart hits you.
* * * LOW HITPOINT WARNING * * *
๐Ÿ˜จ HP[-5]
You take 5 damage, and now have 12/28 hp.
You barely miss something. Your squeeze misses something. Something hits you.
* * * LOW HITPOINT WARNING * * *
๐Ÿ˜จ HP[-2]
You take 2 damage, and now have 10/28 hp.
Unknown command.
You barely miss something. Something hits you.
* * * LOW HITPOINT WARNING * * *
๐Ÿ˜ฑ HP[-4]
You take 4 damage, and now have 6/28 hp.
Unknown command.
You miss something. Your squeeze misses something.
You hear some strange, mumbled words.
A puff of flame appears from out of thin air!
The puff of flame misses you.
Unknown command. ๐Ÿ˜ฑ HP[+1] It was a potion of haste.
You feel yourself speed up.
You barely miss something. You squeeze something. Something hits you.
* * * LOW HITPOINT WARNING * * *
๐Ÿ˜ฑ HP[-4]
You take 4 damage, and now have 3/28 hp.
You miss something.
Your tentacle-slap misses something.
Something hits you.
You die...

Skill      XL: |  1  2  3 |
---------------+----------+-----
Stealth        | 3 5 |  5.8
Fighting       | |  1.0
Dodging        | |  2.0
Unarmed Combat | |  3.0
Shapeshifting  | |  3.0

Action                     |  1- 3 |  4- 6 || total
---------------------------+-------+-------++-------
  Melee: Unarmed           |    60 |    47 ||   107
         Constrict         |    17 |    12 ||    29
         Tentacles         |    11 |     9 ||    20
         Punch             |       |     1 ||     1
    Use: Scroll            |       |     3 ||     3
         Potion            |       |     3 ||     3
   Stab: Sleeping          |     6 |     5 ||    11
 Armour: Skin              |    31 |    24 ||    55
  Dodge: Dodged            |    38 |    18 ||    56

Levels and vault maps discovered:
D:1:      psy_arrival_whirlpool, layout_rooms, serial_shops, shop,
          shapermc_ecumenical_altar_gd
D:2:      layout_basic
D:3:      layout_loops_ring, nicolae_figureground_pulse, uniq_robin

Notes
Turn   | Place    | Note
-------+----------+-------------------------------------------
     0 | D:1      | ytrimaz the Octopode Shapeshifter began the quest for the
                  | Orb.
     0 | D:1      | Reached XP level 1. HP: 13/13 MP: 1/1
     0 | D:1      | magus.rc [v1.9.6]
    25 | D:1      | Reached skill level 1 in Stealth
   108 | D:1      | Found a faded altar of an unknown god.
   123 | D:1      | Reached skill level 3 in Stealth
   123 | D:1      | Reached XP level 2. HP: 13/18 MP: 2/2
   299 | D:1      | You pick up a book of Blood and begin reading...
   299 | D:1      | You add the spells Sublimation of Blood, Wereblood and
                  | Summon Hydra to your library.
   319 | D:1      | Reached XP level 3. HP: 19/23 MP: 3/3
   383 | D:1      | Reached skill level 4 in Stealth
   574 | D:1      | Found Evaips's Armour Emporium.
   745 | D:2      | You pick up a book of Geomancy and begin reading...
   745 | D:2      | You add the spells Sandblast, Passwall, Stone Arrow and
                  | Brom's Barrelling Boulder to your library.
  1146 | D:2      | Reached skill level 5 in Stealth
  1146 | D:2      | Reached XP level 4. HP: 25/28 MP: 4/4
  1342 | D:2      | Identified the +2 ring mail of Insecurity {+Blink rF+
                  | Regen+}
  2033 | D:3      | HP: 6/28 [something (4)]
  2038 | D:3      | Slain by an orc wizard

Vanquished Creatures
  A gnoll (D:1)
  2 adders (D:2)
  A worm (D:2)
  A dart slug (D:1)
  An orc (D:3)
  5 endoplasms
  5 giant cockroaches
  4 goblins
  9 hobgoblins
  2 quokkas
  5 ball pythons
  4 bats
  2 frilled lizards
  3 kobolds
  2 rats (D:1)
47 creatures vanquished.

Vanquished Creatures (others)
  A kobold (D:1)
1 creature vanquished.

Grand Total: 48 creatures vanquished

Table legend:
 A = Non-vault XP
 B = Vault XP
 C = Vault XP percentage of total XP
 D = Non-vault monster count
 E = Vault monster count
 F = Vault count percentage of total count
                 A         B        C        D         E       F
            +---------+---------+-------+---------+---------+-------
      Total |     120 |       0 |   0.0 |      47 |       0 |   0.0
            +---------+---------+-------+---------+---------+-------
        D:1 |      52 |       0 |   0.0 |      22 |       0 |   0.0
        D:2 |      55 |       0 |   0.0 |      18 |       0 |   0.0
        D:3 |      13 |       0 |   0.0 |       7 |       0 |   0.0
            +---------+---------+-------+---------+---------+-------

Skill      XL: |  1  2  3 |
---------------+----------+-----
Stealth        | 3 5 |  5.8
Fighting       | |  1.0
Dodging        | |  2.0
Unarmed Combat | |  3.0
Shapeshifting  | |  3.0

Action                     |  1- 3 |  4- 6 || total
---------------------------+-------+-------++-------
  Melee: Unarmed           |    60 |    47 ||   107
         Constrict         |    17 |    12 ||    29
         Tentacles         |    11 |     9 ||    20
         Punch             |       |     1 ||     1
    Use: Scroll            |       |     3 ||     3
         Potion            |       |     3 ||     3
   Stab: Sleeping          |     6 |     5 ||    11
 Armour: Skin              |    31 |    24 ||    55
  Dodge: Dodged            |    38 |    18 ||    56

Illustrated notes

Table legend:
 A = Kills in this place as a percentage of kills in the entire game.
 B = Kills by you in this place as a percentage of kills by you in the entire game.
 C = Kills by friends in this place as a percentage of kills by friends in the entire game.
 D = Other kills in this place as a percentage of other kills in the entire game.
 E = Experience gained in this place as a percentage of experience gained in the entire game.
 F = Experience gained in this place divided by the number of levels of this place that you have seen.
                   A       B       C       D       E      F
               +-------+-------+-------+-------+-------+----------------------
         Total | 100.0 | 100.0 |   N/A |   N/A | 100.0 |  40.0
       Dungeon | 100.0 | 100.0 |   N/A |   N/A | 100.0 |  40.0
               +-------+-------+-------+-------+-------+----------------------

Table legend: (Time is in decaauts)
 A = Elapsed time spent in this place.
 B = Non-inter-level travel time spent in this place.
 C = Inter-level travel time spent in this place.
 D = Time resting spent in this place.
 E = Time spent auto-exploring this place.
 F = Levels seen in this place.
 G = Mean time per level.
                   A        B        C        D        E       F      G
               +--------+--------+--------+--------+--------+-----+--------+
         Total |   2031 |   1978 |     53 |      2 |   1564 |   3 |  677.0 |
       Dungeon |   2031 |   1978 |     53 |      2 |   1564 |   3 |  677.0 |
               +--------+--------+--------+--------+--------+-----+--------+

Top non-repeatable levels by time:
     D:2: 981 daAuts
     D:1: 713 daAuts
     D:3: 336 daAuts
